 Dungeon Crawl Stone Soup version 0.26-a0-1132-ge9770dfcb6 (webtiles) character file.

Game seed: 11047260851756704952

98 sahdkjhfkaj the Chopper (level 4, -2/37 HPs)
             Began as a Minotaur Gladiator on Dec 20, 2020.
             Slain by an orc wizard
             ... wielding a +4 dagger of flaming
              (3 damage)
             ... on level 3 of the Dungeon.
             The game lasted 00:01:31 (2351 turns).

sahdkjhfkaj the Chopper (Minotaur Gladiator)        Turns: 2351, Time: 00:01:32

Health: -2/37      AC:  3    Str: 19    XL:     4   Next: 44%
Magic:  3/3        EV: 13    Int:  5    God:
Gold:   179        SH:  0    Dex: 12    Spells: 3/3 levels left

rFire    . . .     SeeInvis .   a - +0 war axe
rCold    . . .     Faith    .   (no shield)
rNeg     . . .     Spirit   .   b - +0 leather armour
rPois    .         Reflect  .   c - +0 hat
rElec    .         Harm     .   (no cloak)
rCorr    +         Rampage  .   (no gloves)
Will     .....                  (no boots)
Stlth    +.........             u - amulet of regeneration
HPRegen  0.52/turn              o - ring of resist corrosion
MPRegen  0.08/turn              (no ring)

@: no status effects
A: retaliatory headbutt, horns 2
a: no special abilities


You were on level 3 of the Dungeon.
You visited 1 branch of the dungeon, and saw 3 of its levels.

You collected 179 gold pieces.

Inventory:

Hand Weapons
 a - a +0 war axe (weapon)
Missiles
 d - 3 throwing nets (quivered) {!f}
 t - 6 silver javelins
Armour
 b - a +0 leather armour (worn)
 c - a +0 hat (worn)
Jewellery
 n - a cursed ring of teleportation {unknown}
 o - a ring of resist corrosion (left hand)
 u - an amulet of regeneration (around neck)
Wands
 v - a wand of disintegration (5)
Scrolls
 f - 4 scrolls of teleportation {!r}
 g - 3 scrolls of remove curse
 i - a scroll of fog
 m - a scroll of blinking
 p - a scroll of random uselessness {unknown}
 q - a scroll of immolation {unknown}
 r - a scroll of fear {unknown}
Potions
 e - 2 potions of ambrosia {unknown}
 h - 2 potions of flight {unknown}
 j - 2 potions of heal wounds {unknown}
 k - a potion of curing {unknown}
 l - 2 potions of lignification {unknown}
 s - a potion of might {unknown}


   Skills:
 - Level 2.4 Fighting
 + Level 6.4 Axes
 - Level 2.0 Throwing
 - Level 3.2 Dodging


You had 3 spell levels left.
You didn't know any spells.
Your spell library contained the following spells:

 Spells                   Type           Power        Failure   Level
 Beastly Appendage        Tmut           0%           54%         1
 Wereblood                Tmut           0%           67%         2
 Spider Form              Tmut/Pois      0%           88%         3
 Ice Form                 Ice/Tmut       0%           99%         4
 Blade Hands              Tmut           0%           100%        5


Dungeon Overview and Level Annotations

Branches:
Dungeon (3/15)

Altars:
Ru
Yredelemnul

Annotations:
D:3 1 runed translucent door, Crazy Yiuf


Innate Abilities, Weirdness & Mutations

You reflexively headbutt those who attack you in melee.
You have a pair of horns on your head.


Message History

You slash the orc wizard!
The orc wizard looks encouraged for a moment.
The orc hits you with a +2 falchion of protection.
Unknown command.
Unknown command.
You slash the orc!
You kill the orc!
You closely miss the orc wizard.
The orc wizard points at you and mumbles some strange words.
The magic dart hits you!
You closely miss the orc. You hit the orc wizard. The orc closely misses you.
You furiously retaliate!
You headbutt the orc.
The orc wizard hits you with a +4 dagger of flaming!
* * * LOW HITPOINT WARNING * * *
The orc wizard burns you.
* * * LOW HITPOINT WARNING * * *
The orc hits you with a +0 short sword.
* * * LOW HITPOINT WARNING * * *
The orc wizard hits you with a +4 dagger of flaming.
You die...

###.......# ## #.......#
#. ##...#### #. ####...#
#####.#### #.....#######
.........###.###........
.........#............##
......o...............##
.....ro@...###..#.......
...######.###..##......(
###...(.(........(
.####........##.....##
.............####.#...
.###............(.....
### ###............)...
... #...........).).#
###.## #...#..#.....<...


You could see an orc wizard, an orc and a rat.

Vanquished Creatures
  A gnoll (D:1)
  2 adders
  3 worms
  A dart slug (D:1)
  A leopard gecko (D:2)
  3 orcs (D:3)
  2 giant cockroaches (D:3)
  7 hobgoblins
  4 jackals (D:2)
  2 quokkas (D:2)
  A ball python (D:1)
  5 bats
  6 frilled lizards
  8 goblins
  4 kobolds
  7 rats
57 creatures vanquished.

Notes
Turn   | Place    | Note
-------+----------+-------------------------------------------
     0 | D:1      | sahdkjhfkaj the Minotaur Gladiator began the quest for the
                  | Orb.
     0 | D:1      | Reached XP level 1. HP: 18/18 MP: 0/0
    68 | D:1      | Reached skill level 4 in Axes
    68 | D:1      | Reached XP level 2. HP: 7/25 MP: 1/1
   545 | D:1      | Reached skill level 5 in Axes
   668 | D:1      | Reached XP level 3. HP: 30/30 MP: 2/2
  1532 | D:2      | Reached skill level 6 in Axes
  1532 | D:2      | Reached XP level 4. HP: 35/37 MP: 3/3
  2082 | D:3      | Found a basalt altar of Yredelemnul.
  2223 | D:3      | Found a runed translucent door.
  2224 | D:3      | Noticed Crazy Yiuf
  2324 | D:3      | Found a sacrificial altar of Ru.
  2351 | D:3      | HP: 1/37 [orc/+0 short sword (5)]
  2351 | D:3      | Slain by an orc wizard

Illustrated notes

Levels and vault maps discovered:
D:1:      sevenhm_arrival_forest_fort_large_2, layout_loops_cross
D:2:      layout_basic
D:3:      layout_rooms, general_overflow_altar, nicolae_overflow_crystal_walls,
          uniq_crazy_yiuf_cottage

Skill      XL: |  1  2  3 |
---------------+----------+-----
Axes           | 4 5 6 |  6.4
Fighting       | |  2.4
Throwing       | |  2.0
Dodging        | |  3.2

Action                   |  1- 3 |  4- 6 || total
-------------------------+-------+-------++-------
Melee: War axe           |    76 |    31 ||   107
       Headbutt          |    11 |       ||    11
  Use: Scroll            |     3 |     3 ||     6
Armor: Leather armour    |    18 |     6 ||    24
Dodge: Dodged            |    45 |    21 ||    66

Table legend: (Time is in decaauts)
 A = Elapsed time spent in this place.
 B = Non-inter-level travel time spent in this place.
 C = Inter-level travel time spent in this place.
 D = Time resting spent in this place.
 E = Time spent auto-exploring this place.
 F = Levels seen in this place.
 G = Mean time per level.
                   A        B        C        D        E       F      G
               +--------+--------+--------+--------+--------+-----+--------+
         Total |   2374 |   2258 |    116 |      0 |   1926 |   3 |  791.3 |
       Dungeon |   2374 |   2258 |    116 |      0 |   1926 |   3 |  791.3 |
               +--------+--------+--------+--------+--------+-----+--------+

Top non-repeatable levels by time:
     D:1: 1116 daAuts
     D:2: 841 daAuts
     D:3: 416 daAuts
